Map: Discordance EC

Players

GoodmaN

  • Race: Zerg Zerg
  • League: Diamond
  • Spawn Location: 1:00

Sorandom - Winner!

  • Race: Zerg Zerg
  • League: Diamond
  • Spawn Location: 7:00

VOD

Have the link to the VOD?

Description

Time

  • Played on: April 9, 2019, 10:30 a.m.
  • Length: 11:20
Show
View Real Time Build Order
Export as new Build Order

GoodmaN Zerg 

Build Orders: Hatch First 

Get SALT Encoding   

  12  0:00  Drone  
  13  0:08  Drone  
  14  0:18  Overlord  
  14  0:37  Drone x3  
  17  0:56  Hatchery  
  16  0:58  Drone  
  16  0:59  Drone  
  18  1:13  Extractor  
  18  1:14  Spawning Pool  
  18  1:16  Drone  
  17  1:20  Drone  
  18  1:31  Drone  
  19  1:42  Overlord  
  19  2:02  Queen  
  22  2:08  Zergling x2  
  22  2:09  Queen  
  22  2:10  Drone  
  22  2:11  Drone  
  22  2:13  Drone  
  27  2:20  Drone  
  28  2:27  Metabolic Boost  
  28  2:29  Spine Crawler, Drone  
  28  2:39  Zergling x2  
  28  2:40  Drone  
  28  2:43  Drone  
  31  2:53  Baneling Nest  
  30  3:01  Drone  
  31  3:06  Drone  
  31  3:07  Drone  
  31  3:08  Zergling x2  
  31  3:09  Overlord  
  34  3:23  Drone x2  
  35  3:28  Drone  
  35  3:29  Drone x4  
  35  3:33  Zergling x2  
  40  3:37  Drone  
  40  3:40  Hatchery  
  40  3:42  Drone  
  41  3:54  Evolution Chamber  
  40  4:01  Evolution Chamber  
  40  4:02  Drone x5  
  44  4:03  Overlord  
  44  4:06  Lair  
  44  4:17  Roach Warren  
  43  4:29  Extractor  
  43  4:30  Zerg Missile Weapons Level 1  
  42  4:31  Extractor  
  42  4:33  Drone x5  
  42  4:34  Drone x3  
  49  4:39  Drone x2  
  49  4:44  Overlord x2  
  51  4:46  Zerg Ground Armor Level 1  
  51  4:51  Queen  
  53  5:04  Roach  
  53  5:05  Roach x3  
  53  5:06  Roach  
  61  5:09  Roach  
  63  5:17  Roach x2  
  67  5:26  Glial Reconstitution  
  67  5:33  Zergling x10  
  67  5:34  Zergling x4  
  74  5:46  Overlord  
  74  6:01  Overlord x2  
  74  6:05  Overlord  
  74  6:11  Overlord  
  74  6:19  Roach, Queen  
  74  6:20  Roach x4  
  74  6:25  Roach x4  
  94  6:26  Roach x2  
  94  6:28  Overlord  
  98  6:33  Drone x2  
  98  6:37  Drone x5  
  98  6:39  Drone  
  106  6:47  Drone x3  
  106  6:48  Drone  
  106  6:50  Drone  
  111  6:55  Roach  
  113  7:03  Overlord, Drone  
  113  7:06  Extractor  
  113  7:08  Extractor  
  112  7:14  Roach  
  114  7:16  Overlord x2  
  114  7:24  Drone x6  
  114  7:25  Drone  
  121  7:36  Roach x2  
  121  7:37  Roach x3  
  131  7:38  Drone x3  
  134  7:52  Roach  
  134  7:53  Roach x2  
  136  8:00  Roach  
  136  8:01  Overlord x3  
  137  8:11  Roach x2  
  136  8:24  Roach x2  
  136  8:25  Roach x4  
  133  8:35  Roach  
  133  8:36  Roach  
  133  8:40  Zerg Missile Weapons Level 2  
  137  8:41  Zerg Ground Armor Level 2  
  137  8:43  Drone x2  
  139  8:52  Pneumatized Carapace  
  139  8:57  Hydralisk Den  
  139  8:59  Extractor  
  139  9:01  Drone x3  
  139  9:02  Hatchery  
  139  9:04  Roach  
  139  9:05  Roach x3  
  147  9:11  Roach x4  
  147  9:12  Roach x3  
  147  9:14  Drone  
  162  9:25  Overlord x3  
  162  9:26  Overlord  
  162  9:47  Hydralisk x2, Grooved Spines  
  162  9:48  Hydralisk x7  
  162  9:49  Hydralisk x2  
  184  9:54  Lurker Den  
  183  10:01  Hydralisk x5  
  193  10:21  Overlord x3  
  179  10:29  Overlord  
  179  10:30  Overlord x3  
  179  10:32  Hydralisk  
  179  10:33  Hydralisk x2  
  183  10:41  Roach x3  
  183  10:42  Roach x6  
  177  10:52  Hydralisk x8  
  177  10:53  Hydralisk x2  
Show
View Real Time Build Order
Export as new Build Order

Sorandom Zerg - Winner!

Build Orders: Pool First 

Get SALT Encoding   

  12  0:01  Drone  
  13  0:12  Overlord  
  13  0:20  Drone  
  14  0:30  Drone x2  
  14  0:34  Drone  
  17  0:46  Spawning Pool  
  16  0:50  Extractor  
  16  0:51  Drone  
  16  1:14  Hatchery  
  16  1:16  Drone  
  16  1:21  Drone  
  16  1:24  Drone  
  18  1:32  Overlord  
  18  1:39  Zergling x2  
  19  1:48  Queen  
  19  1:54  Drone  
  22  2:02  Drone  
  22  2:07  Roach Warren  
  22  2:11  Drone  
  23  2:23  Queen  
  23  2:29  Drone x2  
  27  2:35  Drone  
  28  2:39  Drone  
  28  2:43  Drone  
  30  2:47  Drone  
  31  2:52  Queen  
  31  2:54  Drone  
  31  2:58  Drone  
  34  3:04  Lair  
  34  3:07  Zergling x2  
  35  3:14  Evolution Chamber  
  35  3:16  Evolution Chamber  
  33  3:22  Roach  
  35  3:43  Zerg Missile Weapons Level 1  
  35  3:44  Zerg Ground Armor Level 1  
  35  3:45  Overlord x3  
  35  4:03  Extractor  
  35  4:04  Drone x2  
  35  4:05  Drone  
  35  4:06  Drone x5  
  35  4:07  Drone  
  43  4:11  Roach  
  43  4:14  Roach  
  47  4:22  Roach  
  49  4:26  Drone x3  
  49  4:27  Roach  
  54  4:32  Overlord  
  54  4:37  Roach  
  56  4:44  Glial Reconstitution  
  56  4:54  Roach  
  56  4:58  Hatchery  
  57  5:06  Roach x3  
  63  5:07  Roach  
  65  5:20  Extractor  
  64  5:22  Overseer, Extractor  
  64  5:25  Drone  
  64  5:26  Drone x3  
  64  5:27  Overlord x3  
  67  5:45  Drone x2  
  67  5:46  Drone  
  67  5:47  Zerg Missile Weapons Level 2  
  67  5:49  Roach  
  72  6:08  Drone x5  
  77  6:12  Overlord  
  77  6:15  Lair  
  77  6:19  Roach x4  
  77  6:24  Roach  
  87  6:30  Roach  
  87  6:31  Roach  
  87  6:32  Drone x2  
  93  6:35  Roach  
  93  6:36  Roach  
  97  6:51  Overlord x4  
  97  7:04  Hydralisk Den  
  97  7:06  Overlord  
  96  7:11  Drone x11  
  96  7:15  Zerg Ground Armor Level 2  
  107  7:18  Roach  
  107  7:22  Roach  
  111  7:26  Roach  
  111  7:27  Lair  
  111  7:28  Roach  
  115  7:30  Roach  
  115  7:35  Roach  
  115  7:36  Roach x2  
  123  7:41  Roach x2  
  127  8:04  Roach x5  
  137  8:17  Overlord x9  
  137  8:26  Roach  
  128  8:34  Roach x3  
  130  8:38  Hydralisk x2  
  134  8:42  Roach  
  134  8:44  Grooved Spines  
  136  8:52  Roach x3, Infestation Pit  
  136  8:53  Ravager  
  136  8:54  Ravager  
  143  8:57  Extractor  
  143  8:58  Drone  
  143  8:59  Extractor, Drone x2  
  144  9:14  Hatchery  
  144  9:17  Hydralisk x5  
  153  9:35  Roach x8  
  169  9:40  Drone  
  169  9:45  Hydralisk  
  170  9:47  Drone  
  173  9:54  Hydralisk x4  
  173  9:55  Drone  
  182  10:03  Hydralisk x2  
  182  10:04  Hydralisk x2  
  190  10:10  Hydralisk x2  
  194  10:17  Hydralisk x2  
  194  10:19  Overlord x2  
  194  10:20  Drone  
  189  10:37  Hydralisk  
  189  10:39  Hydralisk  
  189  10:40  Roach x3  
  189  10:42  Overseer  
  199  10:49  Roach  
  189  10:52  Roach  
  189  10:53  Hydralisk x2, Roach x7  
Tags
 
Matchup
ZvZ
Race
Zerg
Replay Pack
Pack 2
Spawn Locations
Cross Positions
Add a new tag
Caveats
  • Supply blocks, unpowered buildings, or Contaminate may cause inaccurate times.
  • Supply counts are checked every 10 seconds.